 Dungeon Crawl Stone Soup version 0.17.0-56-gd8de76c (webtiles) character file.

328 ventricule the Slasher (level 6, -7/49 HPs)
             Began as a Formicid Wanderer on Dec 5, 2015.
             Was a Follower of Okawaru.
             Killed by divine providence
             ... invoked by an orc priest
              (12 damage)
             ... on level 7 of the Dungeon.
             The game lasted 00:08:54 (4679 turns).

ventricule the Slasher (Formicid Wanderer)          Turns: 4679, Time: 00:08:55

Health: -7/49      AC:  5    Str: 18      XL:     6   Next: 80%
Magic:  6/6        EV: 12    Int:  8 (11) God:    Okawaru [*.....]
Gold:   87         SH:  0    Dex: 11      Spells: 0 memorised, 5 levels left

rFire  . . .     SeeInvis +     c - +0 falchion
rCold  . . .     Clarity  .     a - +2 leather armour
rNeg   . . .     SustAt   .     (no shield)
rPois  .         Gourm    .     (helmet unavailable)
rElec  .         Spirit   .     (no cloak)
rCorr  .         Warding  .     (no gloves)
rMut   .         Stasis   +     (no boots)
MR     .....                    (no amulet)
Stlth  ++........               j - ring of invisibility
                                y - +1 ring of evasion

@: not resistant to hostile enchantments, unstealthy
A: permanent stasis, dig shafts and tunnels, four strong arms, antennae 3
a: Dig, Shaft Self, Heroism, Renounce Religion, Evoke Invisibility


You were on level 7 of the Dungeon.
You worshipped Okawaru.
Okawaru was aware of your devotion.
You were not hungry.

You visited 1 branch of the dungeon, and saw 6 of its levels.

You collected 147 gold pieces.
You spent 60 gold pieces at shops.


Innate Abilities, Weirdness & Mutations

You are under a permanent stasis effect.
You can dig through walls and to a lower floor.
Your four strong arms can wield two-handed weapons with a shield.
You have a pair of large antennae on your head (SInv).


   Skills:
 - Level 4.3 Fighting
 + Level 6.4 Long Blades
   Level 1.0 Crossbows
 - Level 1.0 Dodging
 - Level 2.4 Stealth
 - Level 1.1 Evocations


You had 5 spell levels left.
You didn't know any spells.

Inventory:

Hand Weapons
 c - a +0 falchion (weapon)
 d - a +0 dagger
Missiles
 s - a throwing net {=f}
Armour
 a - a +2 leather armour (worn)
Jewellery
 i - a +3 ring of intelligence
 j - a ring of invisibility (right hand)
 o - an uncursed ring of magical power
 y - a +1 ring of evasion (left hand)
Wands
 x - a wand of polymorph (24)
Scrolls
 h - 2 scrolls of identify {@r1}
 p - 2 scrolls of remove curse
 v - a scroll of magic mapping
Potions
 b - a potion of berserk rage {unknown}
 f - a potion of cure mutation
 g - a potion of agility {unknown}
 l - a potion of mutation {unknown}
 q - a potion of might {unknown}
 w - a potion of resistance {unknown}
Comestibles
 e - 2 bread rations

Dungeon Overview and Level Annotations

Branches:
Dungeon (7/15)
 Temple: D:4-7

Altars:
Dithmenos
Okawaru
The Shining One

Shops:
D:4 [!

Annotations:
D:5 Pikel

▒ .▒ .o. { ..o.
{.....
▒▒▒▒▒......
▒.....▒ ▒oo▒▒.▒
▒▒▒▒'a▒▒▒▒
▒........▒▒
▒..........▒▒
▒............▒▒
..........)...▒
...............▒
................▒
.....♣♣♣♣.......▒
...♣ ♣♣......▒


You could see 2 orc priests.


Message History

The orc priest calls down the wrath of Beogh upon you.
Something smites you! The orc priest hits you.
There is a large open door here.
You hit the orc priest but do no damage.
The orc priest mumbles some strange prayers to Beogh against you.
Pain shoots through your body!
* * * LOW HITPOINT WARNING * * *
The orc priest mumbles some strange prayers to Beogh against you.
Something smites you!
* * * LOW HITPOINT WARNING * * *
You hear a shout!
You closely miss the orc priest.
The orc priest hits you but does no damage.
You hit the orc priest.
The orc priest is lightly wounded.
The orc priest hits you.
* * * LOW HITPOINT WARNING * * *
You hit the orc priest but do no damage.
The orc priest is lightly wounded.
The orc priest hits you.
* * * LOW HITPOINT WARNING * * *
Drink which item? (? for menu, Esc to quit)
It was a potion of degeneration.
There was something very wrong with that liquid.
You feel dopey. The orc priest closely misses you.
The orc priest mumbles some strange prayers to Beogh against you.
Something smites you!
You die...

Action                   |  1- 3 |  4- 6 || total
-------------------------+-------+-------++-------
Melee: Falchion          |   101 |   253 ||   354
Throw: Javelin           |       |     8 ||     8
 Abil: Dig               |       |     7 ||     7
       Shaft Self        |       |     2 ||     2
  Use: Scroll            |       |     7 ||     7
       Potion            |       |     4 ||     4
 Stab: Sleeping          |     2 |     2 ||     4
  Eat: Chunk             |     1 |     6 ||     7
       Meat ration       |       |     2 ||     2

Vault maps used:
D:1:      lemuel_arrival_funnel, minmay_misc_feat_rows, minmay_misc_feat_pillars
D:2:      first_bread
D:3:      grunt_temple_overflow_holy_war, ecumenical_altar_2,
          grunt_decor_fettered, nicolae_tso_carved_into_rock
D:4:      nicolae_dithmenos_shadow_blocks, serial_shops, shop, shop,
          uniq_eustachio
D:5:      zin_treasury, nicolae_overflow_hidden_temple, portal_sewer_entry_d,
          uniq_pikel
D:7:      serial_shops, nicolae_shop_crystal, kennysheep_big_empty_room

Notes
Turn   | Place    | Note
--------------------------------------------------------------
     0 | D:1      | ventricule the Formicid Wanderer began the quest for the Orb.
     0 | D:1      | ventricule set off with: a +2 leather armour, a potion of curing {@q1}, a +0 falchion, a +0 dagger, a bread ration
     0 | D:1      | Reached XP level 1. HP: 20/20 MP: 1/1
   260 | D:1      | Reached XP level 2. HP: 26/26 MP: 2/2
   262 | D:1      | Reached skill level 2 in Long Blades
   526 | D:1      | Reached XP level 3. HP: 31/31 MP: 3/3
   803 | D:2      | Reached skill level 3 in Long Blades
  1292 | D:2      | Reached XP level 4. HP: 25/38 MP: 4/4
  1968 | D:3      | Reached skill level 4 in Long Blades
  2000 | D:3      | Found a faded altar to an unknown god.
  2005 | D:3      | Reached XP level 5. HP: 33/43 MP: 5/5
  2084 | D:3      | Became a worshipper of Warmaster Okawaru
  2084 | D:3      | Reached * piety under Okawaru
  2123 | D:3      | Found a glowing golden altar of the Shining One.
  2277 | D:3      | Noticed an ogre
  2851 | D:4      | Found Quyffech's Distillery.
  2859 | D:4      | Bought a potion of heal wounds for 60 gold pieces
  2934 | D:4      | Found a shadowy altar of Dithmenos.
  2947 | D:4      | Reached skill level 5 in Long Blades
  3197 | D:4      | HP: 3/43 [worker ant (3)]
  3417 | D:4      | Noticed an ogre
  3632 | D:4      | Noticed Eustachio
  3944 | D:4      | Reached XP level 6. HP: 42/49 MP: 6/6
  3967 | D:4      | HP: 4/49 [bat[Eustachio] (1)]
  3969 | D:4      | Killed Eustachio
  3969 | D:4      | Reached skill level 6 in Long Blades
  4293 | D:4      | Found Wuilit's Antique Armour Shoppe.
  4356 | D:4      | You fall through a shaft!
  4356 | D:5      | Entered Level 5 of the Dungeon
  4356 | D:5      | Noticed Pikel
  4356 | D:5      | Noticed a slave
  4356 | D:5      | Noticed a slave
  4356 | D:5      | Noticed a slave
  4356 | D:5      | Noticed a slave
  4363 | D:5      | HP: 3/49 [orc/mace (4)]
  4364 | D:5      | HP: 1/49 [orc/tomahawk (2)]
  4370 | D:5      | You fall through a shaft for 2 floors!
  4678 | D:7      | HP: 4/49 [orc priest (2)]
  4679 | D:7      | Killed from afar by an orc priest

Vanquished Creatures
  Eustachio (D:4)
  A giant frog skeleton (D:3)
  2 worker ants (D:4)
  A hound skeleton (D:4)
  3 adders
  3 worms
  3 giant geckos
  6 orcs (D:4)
  3 giant cockroaches
  5 goblins
  4 hobgoblins
  3 jackals (D:1)
  7 bats
  2 giant newts
  12 kobolds
  11 rats
67 creatures vanquished.
